Map: Temple of the Past

Players

wasp

  • Race: Protoss Protoss

larsgj

  • Race: Protoss Protoss

VOD

Have the link to the VOD?

Description

Time

  • Played on: July 11, 2022, 7:26 a.m.
  • Length: 26:41
Show
View Real Time Build Order
Export as new Build Order

wasp Protoss 

Build Orders:  

Get SALT Encoding   

  1  0:00  Probe x12 (Chrono Boost)  
    0:13  Unknown x2  
  12  0:47  Pylon  
  12  0:53  Pylon  
  12  1:01  Pylon  
  12  1:12  Pylon  
  12  1:34  Forge  
  12  2:17  Pylon  
  12  2:22  Pylon  
  12  2:28  Pylon  
  12  2:56  Gateway  
  12  3:19  Probe (Chrono Boost)  
  13  3:32  Probe (Chrono Boost)  
  14  3:46  Probe (Chrono Boost)  
  15  3:51  Photon Cannon  
  15  3:56  Photon Cannon  
  15  4:00  Probe (Chrono Boost)  
  15  4:03  Photon Cannon  
  16  4:13  Probe (Chrono Boost)  
  17  4:47  Nexus  
  17  4:52  Probe (Chrono Boost)  
  18  5:26  Photon Cannon  
  18  5:32  Photon Cannon  
  18  5:52  Photon Cannon  
  18  6:15  Photon Cannon  
  18  6:40  Photon Cannon  
  18  6:42  Probe (Chrono Boost)  
  19  6:56  Probe (Chrono Boost)  
  19  6:58  Probe (Chrono Boost)  
  21  7:09  Probe (Chrono Boost)  
  21  7:12  Probe (Chrono Boost)  
  23  7:23  Probe (Chrono Boost)  
  23  7:25  Probe (Chrono Boost)  
  25  7:36  Probe (Chrono Boost)  
  26  8:04  Assimilator  
  26  8:19  Photon Cannon  
  26  8:22  Photon Cannon  
  26  8:26  Photon Cannon  
  26  8:29  Photon Cannon  
  26  8:34  Photon Cannon  
  26  8:42  Photon Cannon  
  26  8:45  Photon Cannon  
  26  8:50  Photon Cannon  
  26  9:10  Photon Cannon  
  26  9:12  Zealot  
  26  9:13  Zealot  
  26  9:15  Zealot  
  32  9:28  Photon Cannon  
  32  9:32  Photon Cannon  
  32  9:36  Photon Cannon  
  32  9:40  Probe (Chrono Boost)  
  33  9:54  Probe (Chrono Boost)  
  33  9:59  Photon Cannon  
  34  10:06  Photon Cannon  
  34  10:08  Probe (Chrono Boost)  
  35  10:16  Photon Cannon  
  35  10:25  Photon Cannon  
  35  10:36  Photon Cannon  
  35  10:48  Photon Cannon  
  35  10:54  Photon Cannon  
  35  11:01  Photon Cannon  
  35  11:22  Photon Cannon  
  35  11:26  Photon Cannon  
  35  11:34  Photon Cannon  
  35  11:49  Photon Cannon  
  35  11:56  Photon Cannon  
  35  11:59  Photon Cannon  
  35  12:02  Photon Cannon  
  35  12:05  Photon Cannon  
  35  12:17  Photon Cannon  
  35  12:23  Photon Cannon  
  35  12:31  Photon Cannon  
  35  12:39  Photon Cannon  
  35  12:48  Photon Cannon  
  35  12:55  Photon Cannon  
  35  13:05  Photon Cannon  
  35  13:16  Photon Cannon  
  35  13:40  Pylon  
  35  13:46  Pylon  
  35  14:01  Photon Cannon  
  35  14:04  Photon Cannon  
  35  14:09  Photon Cannon  
  35  14:12  Photon Cannon  
  35  14:20  Photon Cannon  
  35  14:27  Photon Cannon  
  35  14:30  Photon Cannon  
  35  14:36  Photon Cannon  
  35  14:41  Photon Cannon  
  35  14:59  Photon Cannon  
  35  15:08  Photon Cannon  
  35  15:13  Photon Cannon  
  35  15:31  Photon Cannon  
  35  15:38  Photon Cannon  
  35  15:40  Photon Cannon  
  35  15:46  Photon Cannon  
  35  15:56  Photon Cannon  
  35  15:58  Photon Cannon  
  35  16:15  Photon Cannon  
  35  16:21  Photon Cannon  
  35  16:25  Photon Cannon  
  35  16:40  Photon Cannon  
  35  16:47  Photon Cannon  
  35  16:52  Photon Cannon  
  35  17:07  Photon Cannon  
  35  17:14  Photon Cannon  
  32  19:27  Photon Cannon  
  31  19:51  Photon Cannon  
  31  20:02  Photon Cannon  
  31  20:05  Photon Cannon  
  31  20:19  Photon Cannon  
  31  20:22  Photon Cannon  
  31  20:27  Photon Cannon  
  31  20:30  Photon Cannon  
  31  20:32  Photon Cannon  
  31  20:37  Photon Cannon  
  31  20:41  Photon Cannon  
  31  20:47  Photon Cannon  
  31  21:13  Photon Cannon  
  31  21:26  Pylon  
  31  21:36  Photon Cannon  
  31  21:40  Photon Cannon  
  31  21:44  Photon Cannon  
  31  21:47  Photon Cannon  
  31  21:53  Pylon  
  31  21:57  Photon Cannon  
  31  22:02  Photon Cannon  
  31  22:16  Photon Cannon  
  25  24:38  Zealot  
  25  24:39  Zealot  
  29  24:40  Zealot  
  31  25:19  Zealot  
  13  25:55  Zealot  
  10  26:19  Zealot  
Show
View Real Time Build Order
Export as new Build Order

larsgj Protoss 

Build Orders:  

Get SALT Encoding   

  1  0:00  Probe x12 (Chrono Boost)  
    0:13  Unknown x5  
  12  0:21  Probe (Chrono Boost)  
  13  0:35  Probe (Chrono Boost)  
  14  0:49  Probe (Chrono Boost)  
  15  1:00  Pylon  
  15  1:25  Gateway  
  15  1:38  Forge  
  15  1:53  Probe (Chrono Boost)  
  16  2:07  Probe (Chrono Boost)  
  17  2:21  Probe (Chrono Boost)  
  18  2:32  Legionnaire  
  18  2:35  Probe (Chrono Boost)  
  22  2:49  Probe (Chrono Boost)  
  23  3:13  Assimilator  
  23  4:02  Nexus  
  23  4:22  Pylon  
  23  4:31  Pylon  
  23  4:47  Probe (Chrono Boost), Legionnaire  
  27  5:01  Probe (Chrono Boost), Pylon  
  28  5:10  Pylon  
  28  5:14  Pylon  
  28  5:15  Probe (Chrono Boost)  
  29  5:22  Photon Cannon  
  29  5:25  Photon Cannon  
  29  5:27  Pylon, Photon Cannon  
  29  5:28  Probe (Chrono Boost)  
  30  5:32  Pylon  
  30  5:42  Probe (Chrono Boost)  
  30  5:49  Probe (Chrono Boost)  
  32  6:02  Probe (Chrono Boost)  
  32  6:07  Photon Cannon  
  33  6:11  Photon Cannon  
  33  6:16  Probe (Chrono Boost)  
  34  6:30  Probe (Chrono Boost)  
  34  6:35  Legionnaire  
  38  6:44  Probe (Chrono Boost), Assimilator  
  39  6:58  Probe (Chrono Boost)  
  40  7:05  Legionnaire  
  40  7:06  Protoss Ground Weapons Level 1  
  43  7:12  Probe (Chrono Boost)  
  43  7:17  Photon Cannon  
  44  7:20  Photon Cannon  
  44  7:45  Photon Cannon  
  44  7:47  Photon Cannon x2  
  44  8:01  Photon Cannon  
  44  8:04  Photon Cannon  
  44  8:13  Probe (Chrono Boost), Photon Cannon  
  45  8:27  Probe (Chrono Boost)  
  46  8:35  Assimilator  
  46  8:41  Probe (Chrono Boost)  
  47  8:55  Probe (Chrono Boost)  
  48  9:05  Photon Cannon x2  
  48  9:09  Probe (Chrono Boost)  
  49  9:11  Photon Cannon  
  49  9:16  Photon Cannon  
  49  9:24  Photon Cannon x2  
  49  9:33  Photon Cannon  
  49  9:44  Probe (Chrono Boost), Photon Cannon  
  50  9:58  Probe (Chrono Boost)  
  45  10:50  Photon Cannon  
  45  10:52  Photon Cannon  
  45  10:55  Photon Cannon  
  45  10:57  Photon Cannon  
  45  10:59  Photon Cannon  
  42  11:05  Photon Cannon  
  42  11:06  Photon Cannon  
  42  11:09  Photon Cannon  
  39  11:16  Photon Cannon  
  39  11:18  Photon Cannon  
  39  11:22  Photon Cannon  
  39  11:25  Photon Cannon  
  39  11:37  Photon Cannon  
  39  11:43  Photon Cannon  
  39  11:49  Photon Cannon  
  38  12:10  Pylon  
  38  12:15  Pylon  
  38  12:23  Photon Cannon  
  38  12:24  Photon Cannon  
  38  12:26  Photon Cannon  
  38  12:30  Photon Cannon  
  38  12:39  Photon Cannon  
  38  12:49  Photon Cannon  
  38  12:51  Probe (Chrono Boost)  
  39  13:04  Probe (Chrono Boost)  
  40  13:16  Photon Cannon  
  40  13:18  Probe (Chrono Boost), Photon Cannon  
  41  13:25  Photon Cannon  
  41  13:32  Probe (Chrono Boost)  
  42  13:42  Photon Cannon  
  42  13:44  Photon Cannon  
  42  13:46  Probe (Chrono Boost)  
  42  14:04  Legionnaire  
  45  14:26  Protoss Shields Level 1  
  45  14:31  Cybernetics Core  
  45  14:34  Legionnaire  
  48  15:04  Legionnaire  
  51  15:11  Photon Cannon  
  51  15:13  Photon Cannon  
  51  15:17  Photon Cannon  
  51  15:25  Photon Cannon  
  51  15:28  Photon Cannon  
  51  15:33  Legionnaire  
  54  15:41  Photon Cannon  
  54  15:58  Warp Gate  
  54  16:03  Legionnaire  
  57  16:24  Twilight Council  
  60  17:06  Protoss Ground Armor Level 1  
  60  17:24  Gateway  
  60  17:31  Legionnaire  
  63  17:55  Assimilator  
  63  17:57  Probe (Chrono Boost)  
  64  18:11  Probe (Chrono Boost)  
  65  18:25  Probe (Chrono Boost)  
  66  18:39  Probe (Chrono Boost)  
  67  18:52  Probe (Chrono Boost)  
  68  19:50  Legionnaire  
  68  20:16  Legionnaire  
  71  20:20  Legionnaire  
  74  20:46  Legionnaire  
  77  20:50  Legionnaire  
  77  20:51  Protoss Shields Level 2  
  80  21:16  Legionnaire  
  80  21:20  Legionnaire  
  80  21:24  Probe (Chrono Boost)  
  78  21:38  Probe (Chrono Boost)  
  79  21:40  Gateway  
  79  21:46  Legionnaire  
  82  21:50  Legionnaire  
  82  21:51  Probe (Chrono Boost)  
  83  22:05  Probe (Chrono Boost)  
  84  22:16  Legionnaire  
  84  22:19  Probe (Chrono Boost)  
  88  22:20  Legionnaire  
  91  22:46  Legionnaire  
  97  22:50  Legionnaire  
  94  23:08  Legionnaire  
  91  23:16  Legionnaire  
  91  23:19  Legionnaire  
  88  23:38  Legionnaire  
  76  24:15  Conservator x3  
  64  24:52  Conservator x3  
  62  25:29  Conservator x3  
Tags
 
Add a new tag
Caveats
  • Supply blocks, unpowered buildings, or Contaminate may cause inaccurate times.
  • Supply counts are checked every 10 seconds.